 Dungeon Crawl Stone Soup version 0.19.1-1-g22dce08 (webtiles) character file.

286 M4edhros the Covert (level 6, -3/38 HPs)
             Began as an Octopode Artificer on Dec 31, 2016.
             Slain by an orc
             ... wielding a +0 trident
              (11 damage)
             ... on level 4 of the Dungeon.
             The game lasted 00:02:47 (2399 turns).

M4edhros the Covert (Octopode Artificer)            Turns: 2399, Time: 00:02:48

Health: -3/38      AC:  1    Str: 12    XL:     6   Next: 30%
Magic:  6/8        EV: 13    Int: 13    God:
Gold:   84         SH:  0    Dex: 14    Spells: 0 memorised, 5 levels left

rFire  . . .     SeeInvis .     a - +0 short sword
rCold  . . .     Gourm    .     (no shield)
rNeg   . . .     Faith    .     (helmet restricted)
rPois  .         Spirit   .     (no amulet)
rElec  .         Reflect  .     (no ring)
rCorr  .         Harm     .     (no ring)
MR     .....                    (no ring)
Stlth  +++++.....               (no ring)
                                (no ring)
                                (no ring)
                                (no ring)
                                (no ring)

@: no status effects
A: almost no armour, stealthy swim, amphibious, 8 rings, constrict 8, camouflage
1, gelatinous body 1
a: no special abilities


You were on level 4 of the Dungeon.
You were not hungry.

You visited 1 branch of the dungeon, and saw 4 of its levels.

You collected 84 gold pieces.

Inventory:

Hand Weapons
 a - a +0 short sword (weapon)
 m - a +0 hunting sling
Missiles
 e - 13 sling bullets
 g - 17 stones (quivered)
Wands
 b - a wand of flame (15/48)
 c - a wand of enslavement (9/24)
 d - a wand of random effects (6/48)
Scrolls
 h - 5 scrolls of identify {unknown}
 i - a scroll of fear {unknown}
 j - 3 scrolls of recharging {unknown}
 l - a scroll of random uselessness {unknown}
 n - 2 scrolls of remove curse
Potions
 k - a potion of brilliance
Books
 p - a book of Flames

   Spells                             Type                      Level
   a - Flame Tongue                   Conjuration/Fire             1
   b - Throw Flame                    Conjuration/Fire             2
   c - Conjure Flame                  Conjuration/Fire             3
   d - Inner Flame                    Hexes/Fire                   3
   e - Sticky Flame                   Conjuration/Fire             4
   f - Fireball                       Conjuration/Fire             5
Comestibles
 f - a bread ration
 o - a chunk of flesh
 q - 3 fruits


   Skills:
 - Level 1.0 Fighting
 - Level 1.0 Short Blades
 + Level 1.5 Slings
 - Level 2.0 Dodging
 + Level 8.5 Stealth
 - Level 3.2 Evocations


You had 5 spell levels left.
You didn't know any spells.

Dungeon Overview and Level Annotations

Branches:
Dungeon (4/15)
 Temple: D:4-7

Altars:
Zin
The Shining One

Shops:
D:4 (}*%

Annotations:
D:3 cuckmaster's ghost, amateur OpBe


Innate Abilities, Weirdness & Mutations

You cannot wear most types of armour.
You are very stealthy in the water. (Stealth+)
You are amphibious.
You can wear up to eight rings at the same time.
You can use your tentacles to constrict eight enemies at once.
Your skin changes colour to match your surroundings (Stealth+).
Your rubbery body absorbs attacks. (AC +1, EV +1)


Message History

Aim: an orc priest, wielding a hand axe and wearing a ring mail (severely wounded)
The orc wizard resists with significant effort.
This wand has 6 charges left.
The orc wizard hits you with an antimagic dagger.
The orc hits you with a club.
The orc hits you from afar with a trident.
Evoke which item? (* to show all) (? for menu, Esc to quit)
Zapping:
c - a wand of enslavement (10/24)
Press: ? - help, Shift-Dir - straight line, f/p - orc priest
Aim: an orc priest, wielding a hand axe and wearing a ring mail (severely wounded, chance to defeat MR: 52%)
The orc priest is charmed.
This wand has 9 charges left.
The orc wizard casts a spell at you. The magic dart hits you!
* * * LOW HITPOINT WARNING * * *
The orc closely misses you.
The orc wizard hits you with an antimagic dagger.
* * * LOW HITPOINT WARNING * * *
You feel your power leaking away.
The orc hits you from afar with a trident!
You die...

....##...........
.........................
...........[####.........
........#.# #..#.......
.###..........#.#####..........
...........$..#.........##.....
#..................≈≈.≈≈##.....
#............o##..≈≈#≈#≈≈).....
...........o@.≈≈≈#≈≈≈≈≈≈≈....
#........ooo≈≈≈≈≈≈..≈≈≈≈≈...
##...........#≈≈≈≈.).≈≈≈≈≈.##
#.[.........≈≈≈≈#≈≈..≈≈≈≈≈≈..
>...##...)...≈≈≈≈≈≈≈≈.≈≈#≈≈≈≈≈.
# #....#)#..≈≈≈#≈≈≈...≈≈≈≈≈≈≈.
#.####.#...≈≈≈≈≈≈♣<.≈≈≈≈≈≈..
... ##.##.≈≈≈≈≈≈≈.♣.≈≈#≈≈≈≈#
### ###..###≈≈≈≈≈≈≈≈.≈≈≈≈≈≈≈≈#


You could see 2 orc wizards, 2 orcs and a friendly orc priest.

Vanquished Creatures
  A scorpion (D:4)
  An iguana (D:4)
  4 orc wizards
  A gnoll (D:1)
  3 adders
  2 oozes
  A worm (D:2)
  6 dart slugs (D:4)
  3 leopard geckos
  5 orcs
  4 giant cockroaches
  3 goblins (D:1)
  2 hobgoblins (D:1)
  2 ball pythons
  9 bats
  A frilled lizard (D:1)
  5 kobolds
  2 rats
55 creatures vanquished.

Notes
Turn   | Place    | Note
-------+----------+-------------------------------------------
     0 | D:1      | M4edhros the Octopode Artificer began the quest for the Orb.
     0 | D:1      | Reached XP level 1. HP: 13/13 MP: 3/3
    44 | D:1      | Reached skill level 2 in Stealth
    54 | D:1      | Reached XP level 2. HP: 12/18 MP: 4/4
    55 | D:1      | Reached skill level 3 in Stealth
   381 | D:1      | Reached skill level 4 in Stealth
   444 | D:1      | Reached XP level 3. HP: 16/23 MP: 5/5
   709 | D:2      | Found a glowing golden altar of the Shining One.
   754 | D:2      | Reached skill level 5 in Stealth
   796 | D:2      | Reached XP level 4. HP: 28/28 MP: 6/6
   861 | D:2      | Found a glowing silver altar of Zin.
  1026 | D:3      | Reached skill level 6 in Stealth
  1409 | D:3      | Noticed cuckmaster's ghost (amateur OpBe)
  1454 | D:4      | Reached XP level 5. HP: 20/33 MP: 7/7
  1684 | D:4      | Reached skill level 7 in Stealth
  2024 | D:4      | Reached skill level 8 in Stealth
  2054 | D:4      | Reached skill level 1 in Slings
  2054 | D:4      | Reached XP level 6. HP: 35/38 MP: 8/8
  2181 | D:4      | Found Veaces's Gadget Boutique.
  2187 | D:4      | Found Qeuv's Food Boutique.
  2188 | D:4      | Found Roadaczo's General Store.
  2189 | D:4      | Found Wirgheb's Antique Weapon Boutique.
  2399 | D:4      | Slain by an orc

Skill      XL: |  1  2  3  4  5 |
---------------+----------------+-----
Stealth        | 2 4 5 6 8 |  8.5
Slings         | 1 |  1.5
Fighting       | |  1.0
Short Blades   | |  1.0
Dodging        | |  2.0
Evocations     | |  3.2

Action                   |  1- 3 |  4- 6 || total
-------------------------+-------+-------++-------
Melee: Short sword       |    47 |    61 ||   108
       Constrict         |    10 |    19 ||    29
       Tentacles         |     7 |    15 ||    22
Evoke: Wand              |       |    15 ||    15
  Use: Scroll            |     1 |       ||     1
       Potion            |       |     2 ||     2
 Stab: Sleeping          |    12 |     5 ||    17
       Distracted        |     1 |       ||     1
       Confused          |       |     2 ||     2
  Eat: Chunk             |       |     5 ||     5
Armor: Skin              |     4 |     5 ||     9
Dodge: Dodged            |    32 |    50 ||    82
